 Dungeon Crawl Stone Soup version 0.23.0-3-gf3c87f2 (webtiles) character file.

Game seed: 12642587519203326173

95 ferdilos the Sneak (level 4, -2/24 HPs)
             Began as a Kobold Enchanter on Feb 23, 2019.
             Was an Initiate of Dithmenos.
             Slain by a phantom (8 damage)
             ... on level 3 of the Dungeon.
             The game lasted 00:15:01 (4898 turns).

ferdilos the Sneak (Kobold Enchanter)               Turns: 4898, Time: 00:15:02

Health: -2/24      AC:  2    Str:  5    XL:     4   Next: 95%
Magic:  0/7        EV: 16    Int: 17    God:    Dithmenos [......]
Gold:   167        SH:  0    Dex: 15    Spells: 1/7 levels left

rFire    . . .     SeeInvis .   a - +2 dagger
rCold    . . .     Gourm    .   (shield restricted)
rNeg     . . .     Faith    .   b - +0 robe
rPois    .         Spirit   .   (no helmet)
rElec    .         Reflect  .   (no cloak)
rCorr    .         Harm     .   (no gloves)
MR       .....                  (no boots)
Stlth    +++.......             (no amulet)
HPRegen  0.08/turn              (no ring)
MPRegen  0.10/turn              (no ring)

@: no status effects
A: small, carnivore
a: Renounce Religion


You were on level 3 of the Dungeon.
You worshipped Dithmenos.
Dithmenos was noncommittal.
You were full.

You visited 2 branches of the dungeon, and saw 5 of its levels.

You collected 167 gold pieces.

Inventory:

Hand Weapons
 a - a +2 dagger (weapon)
Armour
 b - a +0 robe (worn)
Wands
 c - a wand of polymorph (8)
Scrolls
 e - 2 scrolls of immolation
 g - 2 scrolls of teleportation
 i - a scroll of blinking {unknown}
Potions
 f - 2 potions of curing {unknown}
 h - a potion of might
 j - a potion of agility
 l - 3 potions of cancellation {unknown}
Comestibles
 d - 5 rations


   Skills:
 - Level 1.3 Short Blades
 + Level 3.6 Dodging
 + Level 5.5 Stealth
 + Level 2.3 Spellcasting
 * Level 3.7 Hexes


You had one spell level left.
You knew the following spells:

 Your Spells              Type           Power        Failure   Level  Hunger
a - Corona                Hex            ##.....      4%          1    #......
b - Ensorcelled Hibernat  Hex/Ice        #.....       13%         2    ###....
c - Confuse               Hex            ##......     12%         3    ###....

Your spell library contained the following spells:

 Spells                   Type           Power        Failure   Level  Hunger
 Tukima's Dance           Hex            ##......     12%         3    ###....
 Dazzling Spray           Conj/Hex       #.....       26%         3    ###....


Dungeon Overview and Level Annotations

Branches:
Dungeon (4/15)             Temple (1/1) D:4

Altars:
Ashenzari
Cheibriados
Dithmenos
Fedhas
Gozag
Hepliaklqana
Makhleb
Vehumet
Zin
The Shining One


Innate Abilities, Weirdness & Mutations

You are small and have problems with some larger weapons.
You are carnivorous and can eat meat at any time.


Message History

You closely miss the phantom.
The phantom is lightly damaged.
The phantom blinks!
Casting: Confuse (safe; 12% risk of failure)
Confirm with . or Enter, or press ? or * to list all spells.
You don't have enough magic to cast that spell.
The phantom blinks!
The phantom blinks!
The phantom blinks!
The phantom blinks!
Casting: Confuse (safe; 12% risk of failure)
Confirm with . or Enter, or press ? or * to list all spells.
Aiming: Confuse (safe; 12% risk of failure)
Press: ? - help, Shift-Dir - straight line, f - phantom
Aim: a phantom (lightly damaged, chance to defeat MR: 28%)
The phantom easily resists.
The phantom hits you.
* * * LOW HITPOINT WARNING * * *
The phantom hits you!
You die...

#########.# #....[....#
#.######### #.# ..#
####### ..# #.....#
..#######.#.#+#########
.............>........#
..###.###.#.....@.....#
......# #.#.....)W....#
.####.# #.............#
.# #.# ###...........#
.# #.# #...........#
.####.# #...........#
......# #...........#
#####+## #...........#
# #...# #...........#


You could see a phantom.

Vanquished Creatures
  3 adders
  An ooze (D:2)
  2 worms (D:2)
  2 leopard geckos
  2 orcs
  2 giant cockroaches
  2 goblins
  7 hobgoblins
  9 jackals
  2 ball pythons
  5 bats
  6 frilled lizards
  6 kobolds
  4 rats
53 creatures vanquished.

Notes
Turn   | Place    | Note
-------+----------+-------------------------------------------
     0 | D:1      | ferdilos the Kobold Enchanter began the quest for the Orb.
     0 | D:1      | Reached XP level 1. HP: 10/10 MP: 3/3
   322 | D:1      | Reached XP level 2. HP: 9/15 MP: 3/5
   431 | D:1      | Learned a level 2 spell: Ensorcelled Hibernation
   977 | D:2      | Reached XP level 3. HP: 19/19 MP: 6/6
   986 | D:2      | Reached skill level 5 in Stealth
  1208 | D:2      | Found an opulent altar of Gozag.
  1368 | D:2      | Reached XP level 4. HP: 11/24 MP: 0/7
  2136 | D:2      | Learned a level 3 spell: Confuse
  3168 | D:3      | Found a faded altar of an unknown god.
  3624 | D:3      | HP: 1/24 [poisoned by an adder]
  4579 | D:4      | Found a staircase to the Ecumenical Temple.
  4597 | Temple   | Entered the Ecumenical Temple
  4614 | Temple   | Became a worshipper of Dithmenos the Shadowed
  4637 | D:4      | Noticed a two-headed ogre
  4752 | D:4      | Noticed a phantom
  4898 | D:3      | Slain by a phantom

Skill      XL: |  1  2  3 |
---------------+----------+-----
Dodging        | 3 |  3.6
Stealth        | 5 |  5.5
Short Blades   | |  1.3
Spellcasting   | |  2.3
Hexes          | |  3.7

Action                   |  1- 3 |  4- 6 || total
-------------------------+-------+-------++-------
Melee: Dagger            |    72 |    56 ||   128
 Cast: Corona            |     5 |       ||     5
       Ensorcelled Hiber |    16 |    36 ||    52
       Confuse           |       |     5 ||     5
  Use: Scroll            |     1 |     7 ||     8
 Stab: Sleeping          |    15 |    22 ||    37
  Eat: Chunk             |    10 |    11 ||    21
Armor: Robe              |    14 |     6 ||    20
Dodge: Dodged            |    73 |    61 ||   134
